[Event "Titled Tuesday Blitz December 14 2021"]
[White "Chigaev, Maksim"]
[Black "Vakhlamov, Igor L."]
[WhiteFideId "4108116"]
[BlackFideId "24126748"]
[WhiteElo "2546"]
[BlackElo "2416"]
[Result "1-0"]
[Round "03"]
[TimeControl "180+1"]
[Date "2021.12.14"]
[WhiteClock "0:00:53"]
[BlackClock "0:00:09"]

1. Nf3 Nf6 2. d4 d5 3. Bf4 Bf5 4. c4 e6 5. Qb3 Nc6 6. Nbd2 a6 7. e3 Be7 8. Be2 O-O 9. O-O Na5 10. Qc3 Nxc4 11. Nxc4 dxc4 12. Qxc4 Rc8 13. Rfd1 Qd5 14. Ne5 c5 15. dxc5 Qxc5 16. Qxc5 Bxc5 17. Bf3 Be4 18. Bxe4 Nxe4 19. Nd7 Rfd8 20. f3 g5 21. Nxc5 Rxd1+ 22. Rxd1 Rxc5 23. Bb8 Nf6 24. e4 Rc2 25. Be5 Kg7 26. g4 Kg6 27. Rd8 h5 28. h3 hxg4 29. hxg4 b5 30. a3 Rc5 31. Bc3 Rc6 32. Kf2 Rc7 33. Ke3 Rd7 34. Bxf6 Kxf6 35. Rxd7 Ke5 36. Rxf7 b4 37. axb4 a5 38. bxa5 Kd6 39. a6 Ke5 40. a7 Kd6 41. Rg7 Ke5 42. Rxg5+ Kf6 43. Ra5 Kg6 44. a8=Q e5 45. Rxe5 Kf6 46. Rf5+ 1-0


[Site "https://www.chess.com"]

[Event "Titled Tuesday Blitz December 14 2021"]
[White "Demidov, Mikhail"]
[Black "Tsyhanchuk, Stanislav"]
[WhiteFideId "4197143"]
[BlackFideId "13505130"]
[WhiteElo "2592"]
[BlackElo "2078"]
[Result "1-0"]
[Round "03"]
[TimeControl "180+1"]
[Date "2021.12.15"]
[WhiteClock "0:00:20"]
[BlackClock "0:00:06"]

1. Nf3 d5 2. g3 Bg4 3. Ne5 Bf5 4. Bg2 c6 5. O-O Nd7 6. d4 e6 7. c4 Ngf6 8. Nc3 Bd6 9. Qb3 Qb6 10. Nxd7 Nxd7 11. c5 Qxb3 12. axb3 Bc7 13. b4 O-O 14. b5 Rfc8 15. bxc6 bxc6 16. Ra6 Bd8 17. Bf4 Bf6 18. Rd1 Bc2 19. Rd2 Bb3 20. Bd6 Bc4 21. Ra3 e5 22. e3 exd4 23. exd4 Re8 24. f3 a6 25. Bh3 Nf8 26. Kf2 Ne6 27. Bxe6 Rxe6 28. f4 Rae8 29. b3 Bb5 30. Nxb5 axb5 31. Ra6 Re3 32. Rxc6 Rxb3 33. Rb6 Rb4 34. Be5 Bxe5 35. dxe5 d4 36. Kf3 Rc8 37. Ke4 g6 38. Rxd4 Rb1 39. c6 Rc1 40. Rd6 Rc4+ 41. Kd5 Rc1 42. Rxb5 Rd1+ 43. Kc5 Rc1+ 44. Kd5 Rd1+ 45. Ke4 Rc1 46. Rb6 Kf8 47. Rf6 Ke7 48. Rb7+ Ke8 49. Rfxf7 R8xc6 50. Rfe7+ Kf8 51. Rxh7 R1c4+ 52. Kf3 Rc3+ 53. Kg4 Kg8 54. Rhd7 Rc8 55. Rg7+ Kf8 56. Rxg6 Rc2 57. h4 R2c7 58. Rxc7 Rxc7 59. h5 Kf7 60. Kg5 Rc3 61. g4 Rh3 62. h6 Kf8 63. Rg7 Re3 64. Kg6 Rg3 65. g5 Rh3 66. f5 Rh4 67. e6 Ke8 68. f6 Kd8 69. h7 Rh3 70. Rg8+ Kc7 71. h8=Q Kd6 72. Qxh3 Ke5 73. e7 Kf4 74. Qf5+ Ke3 75. e8=Q+ Kd4 76. Qee4+ Kc3 77. Qc5+ Kb2 78. Rb8+ Ka1 79. Qa4# 1-0


[Site "https://www.chess.com"]

[Event "Titled Tuesday Blitz December 14 2021"]
[White "Dobre, Claudiu-Cristian"]
[Black "Harshavardhan G B"]
[WhiteFideId "1211854"]
[BlackFideId "25059009"]
[WhiteElo "2259"]
[BlackElo "1825"]
[Result "1-0"]
[Round "03"]
[TimeControl "180+1"]
[Date "2021.12.15"]
[WhiteClock "0:00:07"]
[BlackClock "0:00:06"]

1. c4 b6 2. Nc3 Bb7 3. e4 e5 4. Nf3 Nc6 5. d4 exd4 6. Nxd4 Nf6 7. a3 Bc5 8. Nb3 Be7 9. Be3 O-O 10. Bd3 Re8 11. O-O h5 12. f3 h4 13. Nd5 a5 14. Nd4 Bc5 15. Nc2 Ne5 16. Kh1 Nxd5 17. cxd5 Nxd3 18. Qxd3 Ba6 19. Qc3 Bxf1 20. Rxf1 Bd6 21. Bd4 Qg5 22. Ne3 g6 23. Ng4 Be7 24. Bh8 Bf8 25. Nf6+ Kxh8 26. f4 Qh6 27. Nxe8+ Bg7 28. Nxg7 Qxg7 29. e5 Rc8 30. d6 c6 31. a4 Kg8 32. Qd4 c5 33. Qd5 Rc6 34. b3 Qf8 35. h3 Qe8 36. f5 gxf5 37. Rxf5 Qe6 38. Rg5+ Kf8 39. Qf3 Qh6 40. Qg4 Rxd6 41. exd6 Qxd6 42. Rg8+ Ke7 43. Qxh4+ Ke6 44. Qe4+ Kf6 45. Qf3+ Ke7 46. Rg4 Qd2 47. Re4+ Kd8 48. Kh2 Qc2 49. Rf4 Kc8 50. Rxf7 c4 51. Qa8+ Kc7 52. Qa7+ Kc6 53. Qxd7+ Kc5 54. Qb5+ Kd6 55. Qxb6+ Kd5 56. bxc4+ Ke4 57. Qg6+ Ke5 58. Qxc2 Kd6 59. Qe4 Kc5 60. Qd5+ Kb4 61. c5 Kc3 62. c6 1-0


[Site "https://www.chess.com"]

[Event "Titled Tuesday Blitz December 14 2021"]
[White "Durarbayli, Vasif"]
[Black "Shimelkov, Vasiliy"]
[WhiteFideId "13402935"]
[BlackFideId "13701630"]
[WhiteElo "2599"]
[BlackElo "2073"]
[Result "0-1"]
[Round "03"]
[TimeControl "180+1"]
[Date "2021.12.14"]
[WhiteClock "0:00:02"]
[BlackClock "0:00:07"]

1. e4 c6 2. d4 d5 3. exd5 cxd5 4. c4 Nf6 5. Nc3 e6 6. Nf3 Bb4 7. cxd5 Nxd5 8. Bd2 O-O 9. Bd3 b6 10. Qc2 h6 11. Nxd5 Bxd2+ 12. Nxd2 exd5 13. O-O Ba6 14. Bxa6 Nxa6 15. Rac1 Nb4 16. Qa4 Nd3 17. Rc2 Nf4 18. Nf3 Qf6 19. Ne5 Qg5 20. g3 Ne6 21. Re1 Qf5 22. Rc3 Ng5 23. Qc2 Ne4 24. f3 Nd6 25. Qxf5 Nxf5 26. Nc6 Rfe8 27. Rxe8+ Rxe8 28. Kf2 a6 29. g4 Nd6 30. Nb4 Nb5 31. Rd3 Rc8 32. a4 Nd6 33. b3 b5 34. a5 Nb7 35. Nxd5 Rc2+ 36. Kg3 Nxa5 37. Nb4 Rb2 38. Re3 Rxb3 39. Re8+ Kh7 40. Nxa6 Rd3 41. Rb8 Nc6 42. Rxb5 Nxd4 43. Rd5 Ne2+ 44. Kf2 Rxd5 45. Kxe2 h5 46. h3 hxg4 47. hxg4 Ra5 48. Nb4 f5 49. Nd3 fxg4 50. fxg4 Kg6 51. Kf3 Kg5 52. Nf2 Ra3+ 53. Kg2 Ra2 54. Kf3 Rxf2+ 55. Kxf2 Kxg4 0-1


[Site "https://www.chess.com"]

[Event "Titled Tuesday Blitz December 14 2021"]
[White "Erdogdu, Mert"]
[Black "Lazavik, Denis"]
[WhiteFideId "6301495"]
[BlackFideId "13515110"]
[WhiteElo "2485"]
[BlackElo "2436"]
[Result "0-1"]
[Round "03"]
[TimeControl "180+1"]
[Date "2021.12.14"]
[WhiteClock "0:00:12"]
[BlackClock "0:00:05"]

1. e4 e5 2. Nf3 Nc6 3. Bc4 Bc5 4. d3 Nf6 5. O-O d6 6. a4 h6 7. c3 a5 8. Nbd2 O-O 9. Re1 Re8 10. Nf1 Be6 11. Bb5 Bd7 12. Ng3 Bb6 13. h3 Ne7 14. Bc4 Ng6 15. d4 Nh7 16. Be3 Bc6 17. Qd2 exd4 18. Bxd4 Ne5 19. Be2 Nxf3+ 20. Bxf3 Ng5 21. Bxb6 Nxf3+ 22. gxf3 cxb6 23. Qd4 Bd7 24. Kh2 Qh4 25. Rh1 Re6 26. Kg2 Rg6 27. Rad1 Re8 28. Qxb6 Ree6 29. Qxb7 Bxa4 30. Rd4 Be8 31. Qa8 Kh7 32. Qxa5 Rg5 33. Qd8 Rxg3+ 34. fxg3 Qxd8 35. Rhd1 Qb6 36. R1d2 Rg6 37. g4 h5 38. Kg3 hxg4 39. hxg4 Kg8 40. b4 Qc7 41. R2d3 d5+ 42. Kf2 dxe4 43. Rxe4 Qh2+ 44. Ke3 Re6 45. Rd8 Rxe4+ 46. Kxe4 Qe2+ 47. Kf4 g5+ 48. Kxg5 Qe7+ 0-1


[Site "https://www.chess.com"]

[Event "Titled Tuesday Blitz December 14 2021"]
[White "Fawzy, Adham"]
[Black "Makhnev, Denis"]
[WhiteFideId "10613129"]
[BlackFideId "13707647"]
[WhiteElo "2508"]
[BlackElo "2491"]
[Result "1-0"]
[Round "03"]
[TimeControl "180+1"]
[Date "2021.12.14"]
[WhiteClock "0:02:37"]
[BlackClock "0:01:05"]

1. e4 e5 2. Nf3 Nc6 3. d4 exd4 4. Bc4 Bc5 5. O-O Nf6 6. e5 d5 7. exf6 dxc4 8. fxg7 Rg8 9. Re1+ Be6 10. Bg5 Qd5 11. Nc3 Qf5 12. Ne4 Be7 13. Bxe7 Kxe7 14. Nxd4 Nxd4 15. Qxd4 b6 16. Rad1 Rad8 17. Qxd8+ Rxd8 18. Rxd8 f6 19. g8=Q Bxg8 20. Ng3+ Kf7 21. Nxf5 1-0


[Site "https://www.chess.com"]

[Event "Titled Tuesday Blitz December 14 2021"]
[White "Gaehwiler, Gabriel"]
[Black "Kamsky, Gata"]
[WhiteFideId "1314530"]
[BlackFideId "2000024"]
[WhiteElo "2383"]
[BlackElo "2645"]
[Result "1/2-1/2"]
[Round "03"]
[TimeControl "180+1"]
[Date "2021.12.14"]
[WhiteClock "0:00:17"]
[BlackClock "0:00:29"]

1. d4 f5 2. g3 Nf6 3. Bg2 g6 4. Nf3 Bg7 5. c4 d6 6. O-O O-O 7. Nc3 c6 8. d5 e5 9. dxe6 Bxe6 10. b3 Na6 11. Bb2 Kh8 12. Qd2 Qe7 13. Rad1 Rad8 14. Qc1 Bg8 15. Rfe1 Rfe8 16. Nd4 Nc5 17. Qc2 a5 18. Ba1 Nce4 19. Nxe4 fxe4 20. Bc3 Ra8 21. Qc1 d5 22. cxd5 Bxd5 23. Nc2 a4 24. Qb2 axb3 25. axb3 Qf7 26. Ne3 h5 27. h4 Re7 28. Nxd5 Nxd5 29. Bxg7+ Qxg7 30. Qxg7+ Kxg7 31. Rd4 Nf6 32. Ra4 Rd8 33. e3 Rd2 34. Ra7 Rb2 35. Bh3 Rxb3 36. Rd1 Rb2 37. Rd8 Re8 38. Rxe8 Nxe8 39. Bd7 Nd6 40. Bxc6 Kf6 41. Bd7 Nc4 42. Bc8 b6 43. Bb7 Nd2 44. Ra8 Nf3+ 45. Kg2 Ne1+ 46. Kg1 Nd3 47. Bxe4 Nxf2 48. Rf8+ Ke5 49. Bxg6 Ng4 50. Bxh5 Rb1+ 51. Kg2 Nxe3+ 52. Kh2 Rb2+ 53. Kh3 Rb1 54. Kh2 Rb2+ 55. Kh3 Rb1 56. Bf3 Rb3 57. h5 Nf5 58. Kg2 Rb2+ 59. Kh3 Rb3 60. Kg2 Rb2+ 61. Kh3 Rb3 1/2-1/2


[Site "https://www.chess.com"]

[Event "Titled Tuesday Blitz December 14 2021"]
[White "Golizadeh, Asghar"]
[Black "Bacrot, Etienne"]
[WhiteFideId "12505269"]
[BlackFideId "605506"]
[WhiteElo "2403"]
[BlackElo "2673"]
[Result "0-1"]
[Round "03"]
[TimeControl "180+1"]
[Date "2021.12.15"]
[WhiteClock "0:00:09"]
[BlackClock "0:00:14"]

1. e4 e5 2. Nf3 Nc6 3. d4 exd4 4. Bc4 Bc5 5. c3 d3 6. Qxd3 d6 7. b4 Bb6 8. a4 a6 9. Be3 Bxe3 10. Qxe3 Nf6 11. Nbd2 O-O 12. O-O Re8 13. Ng5 d5 14. Ba2 h6 15. Ngf3 dxe4 16. Nd4 Nxd4 17. cxd4 Be6 18. Nc4 Nd5 19. Qd2 Qg5 20. Ne3 Nf4 21. Kh1 Rad8 22. Rad1 Bxa2 23. Qxa2 Nd3 24. Qc2 c6 25. Rb1 Rxd4 26. b5 axb5 27. axb5 c5 28. Qa2 Red8 29. b6 h5 30. h3 Nf4 31. Rb2 Rd1 32. Rb1 R1d3 33. Rb2 g6 34. Qa4 R3d4 35. Qa7 Rd1 36. Rb1 R1d7 37. Qa4 Rd4 38. Qa7 R8d7 39. Qa8+ Kg7 40. Rbc1 Nd3 41. Rc2 R4d6 42. Qe8 Qe7 43. Qa8 Rd8 44. Qa7 Nf4 45. Nc4 Rd4 46. Qa5 Rd3 47. Ne3 Kh7 48. Qxc5 Qxc5 49. Rxc5 Ne6 50. Re5 R3d4 51. g4 hxg4 52. Nxg4 Kg7 53. Kg2 Nf4+ 54. Kg3 Nh5+ 55. Kg2 R8d6 56. Re1 Nf4+ 57. Kg3 Nd3 58. R1xe4 Nxe5 59. Rxe5 Rxb6 60. Re7 Rdb4 61. f3 Re6 62. h4 Rxe7 63. h5 Rxg4+ 64. Kxg4 gxh5+ 65. Kh4 b5 66. f4 b4 67. Kg5 b3 68. f5 f6+ 69. Kxh5 b2 70. Kg4 b1=Q 71. Kh5 Qh1+ 72. Kg4 Re4+ 73. Kg3 Re3+ 74. Kf2 Qf3+ 75. Kg1 Re1+ 76. Kh2 Rh1# 0-1


[Site "https://www.chess.com"]

[Event "Titled Tuesday Blitz December 14 2021"]
[White "Guz, Ari"]
[Black "Ibarra Jerez, Jose Carlos"]
[WhiteFideId "2825759"]
[BlackFideId "2226332"]
[WhiteElo "1913"]
[BlackElo "2626"]
[Result "0-1"]
[Round "03"]
[TimeControl "180+1"]
[Date "2021.12.14"]
[WhiteClock "0:01:02"]
[BlackClock "0:00:58"]

1. e4 c5 2. Nf3 e6 3. g3 Nc6 4. Bg2 Nf6 5. Qe2 e5 6. Nc3 Be7 7. O-O O-O 8. d3 d6 9. Be3 Nd4 10. Qd1 Bg4 11. Bxd4 cxd4 12. Ne2 Qb6 13. Rb1 Rac8 14. h3 Be6 15. a3 Ba2 16. Nh4 Bxb1 17. Qxb1 Rfe8 18. f4 Bf8 19. fxe5 dxe5 20. Qc1 g6 21. g4 Nd7 22. Kh1 Nc5 23. Qg5 Qd8 24. Nf3 Qxg5 25. Nxg5 f6 26. Nf3 Na4 27. Ne1 Nxb2 28. Rxf6 Bxa3 29. h4 Rf8 30. Re6 Rce8 0-1


[Site "https://www.chess.com"]

[Event "Titled Tuesday Blitz December 14 2021"]
[White "Janaszak, Dawid"]
[Black "Starozhilov, Leonid"]
[WhiteFideId "1119206"]
[BlackFideId "14106752"]
[WhiteElo "2215"]
[BlackElo "2414"]
[Result "1-0"]
[Round "03"]
[TimeControl "180+1"]
[Date "2021.12.15"]
[WhiteClock "0:00:08"]
[BlackClock "0:00:04"]

1. e4 c5 2. Nc3 e6 3. Nge2 a6 4. g3 b5 5. Bg2 Bb7 6. d4 cxd4 7. Nxd4 Nf6 8. O-O d6 9. Re1 Nfd7 10. a4 b4 11. Nd5 Nc6 12. Nxc6 Bxc6 13. Nxb4 Bb7 14. a5 Be7 15. c3 O-O 16. Be3 Qc7 17. Nd3 Nf6 18. Bb6 Qc6 19. Nf4 Qc8 20. Qe2 Nd7 21. Be3 Ne5 22. Nd3 Nc4 23. Bf4 e5 24. Bc1 f5 25. b3 fxe4 26. Bxe4 d5 27. Bg2 Nd6 28. Qxe5 Bf6 29. Qxd6 Qxc3 30. Bxd5+ Kh8 31. Bxb7 Rad8 32. Qxa6 Qxa1 33. Be3 Qc3 34. Rd1 Qxb3 35. Bf3 Rfe8 36. Qb6 Qa4 37. Rd2 Qa1+ 38. Kg2 Bc3 39. Rd1 Qa4 40. Nf4 Rxd1 41. Bxd1 Qxd1 42. Qc6 Qd8 43. Qxc3 Qa8+ 44. f3 Qxa5 45. Qxa5 1-0


[Site "https://www.chess.com"]

[Event "Titled Tuesday Blitz December 14 2021"]
[White "Karttunen, Mika"]
[Black "Vokhidov, Shamsiddin"]
[WhiteFideId "502081"]
[BlackFideId "14204223"]
[WhiteElo "2343"]
[BlackElo "2613"]
[Result "1-0"]
[Round "03"]
[TimeControl "180+1"]
[Date "2021.12.15"]
[WhiteClock "0:00:06"]
[BlackClock "0:00:49"]

1. e4 c5 2. Nf3 d6 3. d4 cxd4 4. Nxd4 Nf6 5. Nc3 a6 6. h3 e5 7. Nde2 h5 8. g3 Be7 9. Bg2 b5 10. a4 Bb7 11. axb5 axb5 12. Rxa8 Bxa8 13. Qd3 b4 14. Nd5 Nbd7 15. Qb5 Nxd5 16. exd5 Qb6 17. Qa4 Qb7 18. Bd2 b3 19. c4 O-O 20. O-O Rc8 21. Rc1 Nc5 22. Qa3 Bd8 23. Rc3 Bb6 24. Nc1 Qa7 25. Qxa7 Bxa7 26. Nxb3 Nxb3 27. Rxb3 Rxc4 28. Ra3 Rc7 29. Be3 Bxe3 30. Rxa8+ Kh7 31. fxe3 Rc1+ 32. Kh2 Rc2 33. Rb8 Re2 34. e4 g6 35. Rb7 Kg7 36. Kg1 Kf8 37. b4 f5 38. exf5 gxf5 39. Bf3 Rb2 40. Bxh5 e4 41. Rf7+ Kg8 42. Rxf5 Rxb4 43. Kf2 Rb3 44. Be2 Kg7 45. h4 Kg6 46. Rf4 Rb4 47. g4 Kh6 48. g5+ Kg7 49. h5 Rd4 50. Rf5 Rb4 51. Ke3 Rb3+ 52. Kxe4 Rb4+ 53. Kf3 Rb3+ 54. Kf2 Rb4 55. Bf3 Rb2+ 56. Kg3 Rb3 57. Rf6 Rb1 58. h6+ Kg8 59. g6 Rg1+ 60. Kf4 Ra1 61. g7 Ra4+ 62. Kg5 Ra8 63. Rf8+ Kh7 64. Rh8+ Rxh8 65. gxh8=Q+ Kxh8 66. Be4 Kg8 67. Kf6 Kh8 68. Ke6 Kg8 69. Kxd6 Kf7 70. Kc7 1-0


[Site "https://www.chess.com"]

[Event "Titled Tuesday Blitz December 14 2021"]
[White "Khegay, Dmitriy"]
[Black "Sviridov, Valery"]
[WhiteFideId "24153729"]
[BlackFideId "4120680"]
[WhiteElo "2457"]
[BlackElo "2454"]
[Result "0-1"]
[Round "03"]
[TimeControl "180+1"]
[Date "2021.12.14"]
[WhiteClock "0:00:01"]
[BlackClock "0:00:19"]

1. b3 Nf6 2. Bb2 g6 3. Nf3 Bg7 4. g3 O-O 5. d4 c5 6. Bg2 d5 7. O-O Ne4 8. Nbd2 Nc6 9. c3 cxd4 10. cxd4 Bf5 11. e3 Rc8 12. Nxe4 Bxe4 13. Qd2 Qd6 14. Rfc1 Rc7 15. Rc5 b6 16. Rc3 Rfc8 17. Rac1 h5 18. Ne1 Bxg2 19. Kxg2 e6 20. Nd3 Bf6 21. Qc2 a5 22. a3 Kg7 23. Qd1 Qd7 24. R1c2 h4 25. Qc1 h3+ 26. Kg1 Qe8 27. Nf4 Qd7 28. Nxh3 b5 29. Nf4 b4 30. axb4 axb4 31. Rd3 Nxd4 32. Rxc7 Rxc7 33. Qd1 Nf3+ 34. Qxf3 Bxb2 35. e4 Rc1+ 36. Kg2 dxe4 37. Qxe4 Qb5 38. h4 Qf5 39. Qf3 Rc3 40. h5 g5 41. Rxc3 bxc3 42. h6+ Kh7 0-1


[Site "https://www.chess.com"]

[Event "Titled Tuesday Blitz December 14 2021"]
[White "Kosteniuk, Alexandra"]
[Black "Bilan, Danila"]
[WhiteFideId "4128125"]
[BlackFideId "24161918"]
[WhiteElo "2475"]
[BlackElo "2164"]
[Result "1/2-1/2"]
[Round "03"]
[TimeControl "180+1"]
[Date "2021.12.15"]
[WhiteClock "0:00:07"]
[BlackClock "0:00:11"]

1. e4 c6 2. Nc3 d5 3. Nf3 Bg4 4. Be2 e6 5. h3 Bxf3 6. Bxf3 Nd7 7. d4 dxe4 8. Nxe4 Ngf6 9. Ng3 Bd6 10. O-O Qc7 11. Ne2 O-O 12. c4 e5 13. Nc3 exd4 14. Qxd4 Be5 15. Qh4 Rfe8 16. Be3 Bxc3 17. bxc3 Ne5 18. Be2 Ng6 19. Qg5 Ne4 20. Qg4 Nxc3 21. Bd3 Rad8 22. Bxg6 hxg6 23. Rfe1 Re4 24. Qf3 Rde8 25. Bd2 Ne2+ 26. Kh1 Qe5 27. Rab1 b6 28. a4 c5 29. a5 Ng3+ 30. fxg3 Rxe1+ 31. Rxe1 Qb8 32. a6 Rxe1+ 33. Bxe1 Qe5 34. Qc3 Qe4 35. Kh2 Qe2 36. g4 f6 37. Bg3 Qa2 38. Qd3 Qxa6 39. Qd5+ Kh7 40. h4 Qa2 41. h5 Qc2 42. Qf7 gxh5 43. Qxh5+ Kg8 44. Qd5+ Kh7 45. Qd7 Qxc4 46. Bh4 Qf4+ 47. Bg3 Qg5 48. Qd3+ Qg6 49. Qd7 Qh6+ 50. Kg1 Qc1+ 51. Kf2 Qc2+ 52. Kf3 Qc3+ 53. Kf2 Qc2+ 54. Kf1 Qc1+ 55. Be1 Qf4+ 56. Kg1 Qe3+ 57. Bf2 Qc1+ 58. Kh2 Qf4+ 59. Bg3 Qh6+ 60. Kg1 Qc1+ 61. Kf2 Qc2+ 1/2-1/2


[Site "https://www.chess.com"]

[Event "Titled Tuesday Blitz December 14 2021"]
[White "Kubatko, Ivan"]
[Black "Jobava, Baadur"]
[WhiteFideId "24111473"]
[BlackFideId "13601520"]
[WhiteElo "2285"]
[BlackElo "2689"]
[Result "0-1"]
[Round "03"]
[TimeControl "180+1"]
[Date "2021.12.15"]
[WhiteClock "0:00:01"]
[BlackClock "0:00:09"]

1. e4 c6 2. d4 d5 3. exd5 cxd5 4. c4 Nf6 5. Nc3 e6 6. Nf3 Be7 7. cxd5 exd5 8. h3 Nc6 9. Bd3 O-O 10. O-O Re8 11. Re1 h6 12. a3 Bd6 13. Rxe8+ Qxe8 14. b4 Be6 15. Be3 Rc8 16. Rc1 Bb8 17. Na4 b6 18. Ba6 Rd8 19. Nb2 Ne7 20. Nd3 Nf5 21. Nde5 Nxe3 22. fxe3 Bd7 23. Bb7 Ba4 24. Qd3 Bb5 25. Qc2 Bd6 26. Bc6 Bxc6 27. Qxc6 Qe7 28. Qb5 Re8 29. Qa6 Ne4 30. Rc8 f6 31. Nc6 Qe6 32. Rxe8+ Qxe8 33. Qb7 Kh7 34. Nxa7 Nd2 35. Qxd5 Qxe3+ 36. Kh1 Nxf3 37. gxf3 Qe1+ 38. Kg2 Qe2+ 39. Kg1 Qh2+ 40. Kf1 Qxh3+ 41. Ke2 Qh2+ 42. Kd3 h5 43. Qf5+ Kh6 44. Nb5 Bf4 45. Nc3 h4 46. Ne4 h3 47. Qc8 Qg2 48. Qh8+ Kg6 49. Qe8+ Kh6 50. Qh8+ Kg6 51. Qe8+ Kh7 52. Qh5+ Bh6 53. Qf5+ g6 54. Qxf6 Qf1+ 55. Kc3 Qc1+ 56. Kd3 Qe3+ 57. Kc4 Qe2+ 58. Kd5 Qb5+ 59. Ke6 Qf5+ 60. Qxf5 gxf5 61. Nf6+ Kg6 62. d5 h2 63. d6 h1=Q 64. d7 Qe1+ 65. Kd6 Bf4+ 66. Kc6 Qc3+ 67. Kb7 Qxf6 68. Kc8 Bg5 0-1


[Site "https://www.chess.com"]

[Event "Titled Tuesday Blitz December 14 2021"]
[White "Lugovskoy, Maxim"]
[Black "Martins, Bruno Andre Leite"]
[WhiteFideId "24126454"]
[BlackFideId "1942255"]
[WhiteElo "2444"]
[BlackElo "2137"]
[Result "0-1"]
[Round "03"]
[TimeControl "180+1"]
[Date "2021.12.15"]
[WhiteClock "0:00:01"]
[BlackClock "0:00:16"]

1. e4 c6 2. d4 d5 3. Nc3 dxe4 4. Nxe4 Nf6 5. Nxf6+ exf6 6. Nf3 Bd6 7. Be2 O-O 8. c3 Re8 9. Be3 Nd7 10. Qc2 Nf8 11. O-O Ng6 12. h3 Be6 13. c4 Qd7 14. Bd3 Bxh3 15. Nh2 Be6 16. Rfe1 Qc7 17. Nf3 Bg4 18. Nd2 Bf4 19. Nf1 Rad8 20. g3 Bxe3 21. Nxe3 Bf3 22. Nf5 Bg4 23. Ne3 Bh3 24. Bf5 Bxf5 25. Nxf5 Ne7 26. Rad1 Nxf5 27. Qxf5 h6 28. d5 Rxe1+ 29. Rxe1 cxd5 30. cxd5 Qd7 31. Qd3 g6 32. Rd1 Qd6 33. Qd4 a6 34. b4 Kg7 35. a4 Qe5 36. Qd3 Rd6 37. b5 axb5 38. axb5 Qb2 39. Qc4 Qe5 40. Qc5 Qe7 41. b6 Qd8 42. Qc7 Rd7 43. d6 h5 44. Qc5 Qe8 45. Qc7 Qe6 46. Qc5 h4 47. Qd5 Qxd5 48. Rxd5 hxg3 49. fxg3 f5 50. Kf2 Kf6 51. Kf3 Ke6 52. Rd2 Rxd6 53. Rb2 g5 54. Re2+ Kf6 55. Rb2 Kg6 56. Rb5 Rc6 57. Kf2 Kf6 58. Kf3 Re6 59. Kf2 Re4 60. Kf3 g4+ 61. Kf2 Kg5 62. Rb3 f4 63. Rb5+ f5 64. Rd5 fxg3+ 65. Kxg3 Re3+ 66. Kf2 Rb3 67. Rd6 f4 68. Rd5+ Kh4 69. Rf5 Rb2+ 70. Ke1 Kg3 71. Rf7 Rxb6 72. Rxb7 Rxb7 0-1


[Site "https://www.chess.com"]

[Event "Titled Tuesday Blitz December 14 2021"]
[White "Madaminov, Mukhiddin"]
[Black "Willow, Jonah B"]
[WhiteFideId "14210703"]
[BlackFideId "438804"]
[WhiteElo "1916"]
[BlackElo "2261"]
[Result "0-1"]
[Round "03"]
[TimeControl "180+1"]
[Date "2021.12.14"]
[WhiteClock "0:00:19"]
[BlackClock "0:00:13"]

1. e4 c5 2. Nf3 g6 3. d4 cxd4 4. Qxd4 Nf6 5. e5 Nc6 6. Qa4 Nd5 7. Qb3 Nc7 8. Nc3 Bg7 9. Bf4 Ne6 10. Bg3 Qa5 11. O-O-O O-O 12. h4 h5 13. Nd5 b6 14. Kb1 Ba6 15. Bxa6 Qxa6 16. Ng5 Rac8 17. Qd3 Qxd3 18. Rxd3 Rfe8 19. f4 Nc5 20. Rdd1 d6 21. exd6 exd6 22. Rhe1 f6 23. Nf3 Ne4 24. Bh2 f5 25. Bg1 Na5 26. Ng5 Nc4 27. Nxe4 fxe4 28. c3 Kf7 29. Bd4 Bxd4 30. Rxd4 Rc5 31. Kc2 b5 32. b3 Nb6 33. Nxb6 axb6 34. Rxd6 b4 35. Re3 Rxc3+ 36. Rxc3 bxc3 37. Rxb6 e3 38. Kd1 c2+ 39. Kxc2 e2 0-1


[Site "https://www.chess.com"]

[Event "Titled Tuesday Blitz December 14 2021"]
[White "Makarian, Rudik"]
[Black "Goryachkina, Aleksandra"]
[WhiteFideId "44105681"]
[BlackFideId "4147103"]
[WhiteElo "2486"]
[BlackElo "2441"]
[Result "1-0"]
[Round "03"]
[TimeControl "180+1"]
[Date "2021.12.14"]
[WhiteClock "0:00:21"]
[BlackClock "0:00:02"]

1. d4 Nf6 2. c4 e6 3. Nf3 d5 4. g3 Bb4+ 5. Nbd2 O-O 6. Bg2 b6 7. O-O Bb7 8. cxd5 exd5 9. Nb1 Re8 10. Bf4 Ne4 11. h4 Bd6 12. e3 c5 13. Nc3 Bxf4 14. exf4 Nc6 15. Re1 cxd4 16. Nxd4 Nxd4 17. Qxd4 Nxc3 18. bxc3 Rc8 19. Rxe8+ Qxe8 20. Bxd5 Bxd5 21. Qxd5 Rxc3 22. Qb7 h6 23. Qxa7 Qc6 24. Qb8+ Kh7 25. Qe5 g6 26. h5 Rc5 27. hxg6+ Qxg6 28. Qe3 h5 29. Kg2 h4 30. Rh1 Rh5 31. Qf3 Kg7 32. g4 Rh8 33. Re1 h3+ 34. Kh2 Qd6 35. Re5 Qd2 36. Qe3 Qb2 37. Rg5+ 1-0


[Site "https://www.chess.com"]

[Event "Titled Tuesday Blitz December 14 2021"]
[White "Maksimenko, Viktor"]
[Black "Ibrahimli, Murad"]
[WhiteFideId "13710478"]
[BlackFideId "13410229"]
[WhiteElo "2269"]
[BlackElo "2109"]
[Result "0-1"]
[Round "03"]
[TimeControl "180+1"]
[Date "2021.12.14"]
[WhiteClock "0:00:07"]
[BlackClock "0:00:05"]

1. d4 Nf6 2. c4 e6 3. Nf3 d5 4. g3 Bb4+ 5. Bd2 Bd6 6. Bg5 Nbd7 7. Nc3 h6 8. Bxf6 Nxf6 9. Bg2 O-O 10. O-O c6 11. Qd3 b6 12. e4 Ba6 13. Nd2 dxc4 14. Nxc4 Be7 15. b3 Rc8 16. Rfd1 b5 17. Ne5 Qa5 18. Qe3 Rfd8 19. h3 Ba3 20. Rab1 Bb4 21. Ne2 c5 22. d5 exd5 23. exd5 Re8 24. Qf4 c4 25. Nd4 Bd6 26. Nec6 Qc7 27. Qd2 Ne4 28. Qc2 Nc5 29. b4 Na4 30. a3 g6 31. h4 h5 32. Re1 Qb6 33. Be4 Kg7 34. Nf3 Bb7 35. Ng5 Qc7 36. Re3 a6 37. Rbe1 Qd7 38. Rf3 f5 39. Ne6+ Rxe6 40. dxe6 Qxe6 41. Rfe3 fxe4 42. Rxe4 Qf5 43. Nd4 Bxe4 44. Nxf5+ Bxf5 45. Qd2 Bf8 46. Qd4+ Kg8 47. Rc1 c3 48. f4 c2 49. Kf2 Rc3 50. Qd5+ Kh8 51. Qd4+ Bg7 52. Qd8+ Kh7 53. Qd5 Nb2 54. Ke2 Nd3 55. Kd2 Nxc1 56. Kxc1 Rd3 0-1


[Site "https://www.chess.com"]

[Event "Titled Tuesday Blitz December 14 2021"]
[White "Maksimovic, Bojan"]
[Black "Stoleriu, George"]
[WhiteFideId "14408120"]
[BlackFideId "1227505"]
[WhiteElo "2458"]
[BlackElo "2199"]
[Result "1/2-1/2"]
[Round "03"]
[TimeControl "180+1"]
[Date "2021.12.15"]
[WhiteClock "0:00:05"]
[BlackClock "0:00:03"]

1. e4 e6 2. d4 d5 3. Nc3 Bb4 4. e5 c5 5. a3 Bxc3+ 6. bxc3 Qc7 7. Nf3 Ne7 8. a4 b6 9. Bb5+ Bd7 10. Bd3 h6 11. h4 Nbc6 12. h5 Na5 13. Qd2 Nc4 14. Qf4 f5 15. Qg3 Rg8 16. Ng1 cxd4 17. cxd4 Nxe5 18. Kd1 Qc3 19. Ra3 Qxd4 20. Ne2 f4 21. Bxf4 Qb2 22. Bc1 Nxd3 23. Bxb2 Nxb2+ 24. Kc1 Nc4 25. Rc3 Nf5 26. Qc7 Ke7 27. Nf4 Rgc8 28. Ng6+ Ke8 29. Qf4 Ncd6 30. Rxc8+ Rxc8 31. g4 Rc4 32. Qf3 Rxc2+ 33. Kb1 Ne4 34. Rd1 Bxa4 35. Rd3 Rxf2 36. Qh3 Bc2+ 37. Kc1 Bxd3 38. Qxd3 Nfg3 39. Qa6 Ne2+ 40. Kb2 Nd4+ 41. Ka3 Rf3+ 42. Kb2 Rf2+ 43. Kc1 Nb3+ 44. Kd1 Nc3+ 45. Ke1 Re2+ 46. Kf1 Nd2+ 47. Kg1 Nf3+ 48. Kf1 Nd2+ 49. Kg1 Nf3+ 50. Kf1 Nh2+ 51. Kg1 Nf3+ 1/2-1/2


[Site "https://www.chess.com"]

[Event "Titled Tuesday Blitz December 14 2021"]
[White "Maltsevskaya, Aleksandra"]
[Black "Maly, Alexey"]
[WhiteFideId "24174041"]
[BlackFideId "14103184"]
[WhiteElo "2312"]
[BlackElo "2294"]
[Result "0-1"]
[Round "03"]
[TimeControl "180+1"]
[Date "2021.12.15"]
[WhiteClock "0:00:14"]
[BlackClock "0:00:58"]

1. e4 c6 2. Nc3 d5 3. Nf3 Bg4 4. h3 Bxf3 5. Qxf3 e6 6. g3 Nf6 7. Bg2 dxe4 8. Nxe4 Nxe4 9. Qxe4 Nd7 10. O-O Nf6 11. Qe2 g6 12. c3 Bg7 13. d4 O-O 14. a4 a5 15. h4 h5 16. Bg5 Qb6 17. Rfe1 Nd5 18. Qd2 Kh7 19. Be4 Rfe8 20. Bc2 Rac8 21. Rad1 Kg8 22. Be4 Nf6 23. Bb1 Nd5 24. Qe2 Qb3 25. g4 hxg4 26. Qxg4 Qxb2 27. h5 gxh5 28. Qxh5 Qxc3 29. Re4 Qb3 30. Rh4 Kf8 31. Kg2 Nf6 32. Qe2 Qd5+ 0-1


[Site "https://www.chess.com"]